 Dungeon Crawl Stone Soup version 0.29.1-13-g9f3cf754e1 (webtiles) character file.

Game seed: 4533289600927684178

389 hawla the Chiller (level 7, -3/76 HPs)
             Began as a Meteoran Ice Elementalist on Jan 24, 2023.
             Slain by sigtrap's ghost (7 damage)
             ... on level 4 of the Dungeon.
             The game lasted 00:04:33 (1254 turns).

hawla the Chiller (Meteoran Ice Elementalist)       Turns: 1254, Time: 00:04:34

Health: -3/76      AC: 23    Str: 11    XL:     7   Next: 29%
Magic:  5/13       EV:  2    Int: 18    God:
Gold:   170        SH:  0    Dex: 14    Spells: 5/13 levels left

rFire   . . .      SeeInvis .   (no weapon)
rCold   . . .      Faith    .   (no shield)
rNeg    . . .      Spirit   .   (body armour currently unavailable)
rPois   +          Reflect  .   (helmet currently unavailable)
rElec   .          Harm     .   (cloak currently unavailable)
rCorr   .          Rampage  .   (gloves currently unavailable)
Will    .....      NoTele   +   (boots currently unavailable)
Stlth   +.........              (no amulet)
HPRegen 0.22/turn               (no ring)
MPRegen 0.13/turn               (no ring)

@: tree-form, very slightly contaminated, glowing
A: stationary, stasis, torment immunity, boosted hp, sense surroundings 1,
otherworldly, glowing, explore regen
a: no special abilities


You were on level 4 of the Dungeon.
You were a tree.
You visited 1 branch of the dungeon, and saw 4 of its levels.

You collected 170 gold pieces.

Inventory:

Armour
 a - a +0 robe (melded)
Scrolls
 c - a scroll of identify
 h - a scroll of blinking {unknown}
 i - a scroll of teleportation {unknown}
Potions
 d - a potion of might
 e - a potion of heal wounds {unknown}
 g - 2 potions of lignification
 j - a potion of flight


   Skills:
 - Level 0.5 Fighting
 - Level 3.0 Dodging
 - Level 1.4 Stealth
 - Level 3.9 Spellcasting
 + Level 5.1 Conjurations
 - Level 6.2 Ice Magic


You had 5 spell levels left.
You knew the following spells:

 Your Spells              Type           Power      Damage    Failure   Level
a - Freeze                Ice            100%       1d11      1%          1
b - Frozen Ramparts       Ice            52%        1d8       3%          3
c - Hailstorm             Conj/Ice       24%        3d7       14%         4

Your spell library contained the following spells:

 Spells                   Type           Power      Damage    Failure   Level
 Ozocubu's Armour         Ice            26%        N/A       3%          3
 Dazzling Flash           Conj/Hex       24%        N/A       16%         3
 Passage of Golubria      Tloc           3%         N/A       83%         4
 Agony                    Necr           3%         N/A       99%         5
 Silence                  Hex/Air        1%         N/A       99%         5
 Lehudib's Crystal Spear  Conj/Erth      6%         10d3      100%        8


Dungeon Overview and Level Annotations

Branches:
Dungeon (4/15) Zot: 1144
 Temple: D:4-7

Altars:

Annotations:
D:4 1 runed translucent door, sigtrap's ghost, novice GnFi


Innate Abilities, Weirdness & Mutations

You are a tree.
Your roots penetrate the ground, keeping you stationary.
You cannot be teleported.
You are immune to unholy pain and torment.
Your maximum health is greatly increased.
Your equipment is partially melded.
You passively map a small area around you.
You are easily found by Zot.
You glow in the dark.
You regain HP and MP as you explore.


Message History

The wall freezes sigtrap's ghost but does no damage.
Sigtrap's ghost hits you!
Casting: Freeze (safe; 1% risk of failure)
Confirm with . or Enter, or press ? or * to list all spells.
Aiming: Freeze (safe; 1% risk of failure)
Press: ? - help, Shift-Dir - straight line, f/p - sigtrap's ghost
Aim: sigtrap's ghost (severely damaged)
You freeze sigtrap's ghost.
Sigtrap's ghost is severely damaged.
The wall freezes sigtrap's ghost.
Sigtrap's ghost hits you!
* * * LOW HITPOINT WARNING * * *
It was a potion of lignification.
You turn into a tree.
Your +0 robe melds into your body.
Your roots penetrate the ground.
The wall freezes sigtrap's ghost!
Sigtrap's ghost hits you but does no damage.
It was a potion of flight.
Your roots keep you in place.
The wall freezes sigtrap's ghost but does no damage.
Sigtrap's ghost hits you.
* * * LOW HITPOINT WARNING * * *
It was a potion of curing.
You feel better.
The wall freezes sigtrap's ghost but does no damage.
Sigtrap's ghost hits you but does no damage.
Casting: Freeze (safe; 1% risk of failure)
Confirm with . or Enter, or press ? or * to list all spells.
Aiming: Freeze (safe; 1% risk of failure)
Press: ? - help, Shift-Dir - straight line, f/p - sigtrap's ghost
Aim: sigtrap's ghost (almost destroyed)
You freeze sigtrap's ghost.
Sigtrap's ghost is almost destroyed.
The frozen ramparts melt away.
Sigtrap's ghost hits you!
* * * LOW HITPOINT WARNING * * *
Casting: Freeze (safe; 1% risk of failure)
Confirm with . or Enter, or press ? or * to list all spells.
Aiming: Freeze (safe; 1% risk of failure)
Press: ? - help, Shift-Dir - straight line, f/p - sigtrap's ghost
Aim: sigtrap's ghost (almost destroyed)
You miscast Freeze.
You are very lightly contaminated with residual magic.
Nothing appears to happen.
Sigtrap's ghost hits you!
You die...

##.#### #.# #~~r#...##..#......
#.....# #.# #~~~#...##..#......
#.....# #.# #~!~#...##.........
#.....# #.# #~~~#...##.#.......
#.....###.####~~~######.#.......
#.......#....#~†~# #.##..####
#...^.#.#...##†~~######.###..##
#.....#.#...###W##............#
#.....#.#...##.♣.#######.###..#
##.....#.######..#.........##..#
...#####.# #..##.#####..##..#
...# #.######..).....##......##
...# #........###.##.###.##....
...############## #.##.......#..>
............#######.######.....#.
###########...†.....########.#.#.
......#<#.................##.#...


You could see sigtrap's ghost.

Vanquished Creatures
  A black bear (D:4)
  2 scorpions (D:4)
  A howler monkey (D:4)
  An orc priest (D:4)
  2 iguanas (D:4)
  An orc wizard (D:4)
  An adder (D:4)
  A river rat (D:4)
  A worm (D:4)
  3 orcs (D:4)
  A giant cockroach (D:4)
  A goblin (D:4)
  2 hobgoblins
  2 kobolds
  3 quokkas
  2 ball pythons (D:2)
  A bat (D:2)
  2 frilled lizards (D:2)
28 creatures vanquished.

Notes
Turn   | Place    | Note
-------+----------+-------------------------------------------
     0 | D:1      | hawla the Meteoran Ice Elementalist began the quest for the
                  | Orb.
     0 | D:1      | Reached XP level 1. HP: 14/14 MP: 5/5
    80 | D:2      | Reached XP level 2. HP: 17/20 MP: 6/6
   270 | D:4      | Reached skill level 5 in Ice Magic
   270 | D:4      | Reached XP level 3. HP: 6/26 MP: 3/8
   274 | D:4      | Learned a level 3 spell: Frozen Ramparts
   303 | D:4      | Noticed a black bear
   311 | D:4      | Killed a black bear
   312 | D:4      | Reached skill level 6 in Ice Magic
   312 | D:4      | Reached XP level 4. HP: 7/34 MP: 2/10
   312 | D:4      | Reached XP level 5. HP: 8/39 MP: 2/11
   324 | D:4      | Learned a level 4 spell: Hailstorm
   326 | D:4      | Found a runed translucent door.
   332 | D:4      | Noticed sigtrap's ghost (novice GnFi)
   352 | D:4      | Reached XP level 6. HP: 31/46 MP: 6/12
   381 | D:4      | Found a runed translucent door.
   733 | D:4      | Reached XP level 7. HP: 48/51 MP: 4/13
  1242 | D:4      | Reached skill level 5 in Conjurations
  1254 | D:4      | Slain by sigtrap's ghost

Illustrated notes

Levels and vault maps discovered:
D:1:      saegor_arrival_simple_d, layout_basic,
          hellmonk_ecumenical_altar_prayer_group
D:2:      layout_rooms, serial_rivers, chequers_serial_rivers_large_b,
          chequers_serial_rivers_micro_e, chequers_serial_rivers_marsh,
          chequers_serial_rivers_micro_a, chequers_serial_rivers_small_b,
          dreamdust_princess_bridge, chequers_serial_rivers_marsh
D:3:      layout_loops_corners
D:4:      layout_basic, ebering_ghost_sewer_f, minmay_misc_feat_rugged,
          minmay_misc_feat_pillars

Skill      XL: |  1  2  3  4  5  6  7 |
---------------+----------------------+-----
Spellcasting   | 3 |  3.9
Ice Magic      | 5 6 |  6.2
Dodging        | 3 |  3.0
Conjurations   | 2 4 5 |  5.1
Fighting       | |  0.5
Stealth        | |  1.4

Action                   |  1- 3 |  4- 6 |  7- 9 || total
-------------------------+-------+-------+-------++-------
Melee: Unarmed           |     3 |     4 |     9 ||    16
 Cast: Freeze            |    15 |     8 |     8 ||    31
       Frozen Ramparts   |     1 |     6 |     4 ||    11
       Hailstorm         |       |     1 |     3 ||     4
  Use: Scroll            |     4 |       |       ||     4
       Potion            |       |       |     4 ||     4
Armor: Robe              |     5 |     1 |     1 ||     7
       Skin              |       |       |     2 ||     2
Dodge: Dodged            |    12 |     2 |     9 ||    23
